 Dungeon Crawl Stone Soup version 0.28-a0-863-g8cecda6153 (webtiles) character file.

Game seed: 10679265558764397526

5 Rennog the Caller (level 1, -1/11 HPs)
             Began as an Octopode Summoner on Nov 17, 2021.
             Frozen to death by an endoplasm (5 damage)
             ... on level 1 of the Dungeon.
             The game lasted 00:00:37 (59 turns).

Rennog the Caller (Octopode Summoner)                 Turns: 59, Time: 00:00:37

Health: -1/11      AC:  1    Str:  7    XL:     1   Next: 80%
Magic:  2/3        EV: 13    Int: 17    God:
Gold:   0          SH:  0    Dex: 12    Spells: 3/4 levels left

rFire   . . .      SeeInvis .   (no weapon)
rCold   . . .      Faith    .   (no shield)
rNeg    . . .      Spirit   .   (helmet restricted)
rPois   .          Reflect  .   (no amulet)
rElec   .          Harm     .   (no ring)
rCorr   .          Rampage  .   (no ring)
Will    .....                   (no ring)
Stlth   +++.......              (no ring)
HPRegen 0.03/turn               (no ring)
MPRegen 0.08/turn               (no ring)
                                (no ring)
                                (no ring)

@: no status effects
A: almost no armour, amphibious, 8 rings, camouflage 1, gelatinous body 1,
(nimble swimmer 1), tentacles
a: no special abilities


You were on level 1 of the Dungeon.
You visited 1 branch of the dungeon, and saw 1 of its levels.

You aren't carrying anything.


   Skills:
 - Level 2.0 Dodging
 - Level 2.6 Stealth
 + Level 2.1 Spellcasting
 * Level 4.2 Summonings


You had 3 spell levels left.
You knew the following spells:

 Your Spells              Type           Power      Damage    Failure   Level
a - Summon Small Mammal   Summ           64%        N/A       3%          1

Your spell library contained the following spells:

 Spells                   Type           Power      Damage    Failure   Level
 Call Imp                 Summ           16%        N/A       4%          2
 Call Canine Familiar     Summ           16%        N/A       10%         3
 Summon Guardian Golem    Hex/Summ       8%         N/A       24%         3
 Summon Lightning Spire   Summ/Air       8%         N/A       63%         4


Dungeon Overview and Level Annotations

Branches:
Dungeon (1/15)

Altars:


Innate Abilities, Weirdness & Mutations

You cannot wear most types of armour.
You are amphibious.
You can wear up to eight rings at the same time.
Your skin changes colour to match your surroundings (Stealth+).
Your rubbery body absorbs attacks. (AC +1, EV +1)
((You are camouflaged near water. (Stealth+)))
You have tentacles for arms and can constrict up to eight enemies at once.


Message History

You tentacle-slap the hobgoblin. You grab the hobgoblin.
The hobgoblin is heavily wounded.
You constrict the hobgoblin.
A frilled lizard comes into view.
Your bat hits the hobgoblin. The hobgoblin hits you.
You tentacle-slap the hobgoblin.
You kill the hobgoblin!
The endoplasm freezes you.
You are frozen.
Your rat completely misses the endoplasm.
You tentacle-slap the endoplasm but do no damage.
Your bat hits the endoplasm. The endoplasm freezes you.
You are frozen.
Your rat bites the endoplasm.
You tentacle-slap the endoplasm.
The endoplasm is almost dead.
Your bat barely misses the endoplasm.
The endoplasm barely misses you. The kobold hits you but does no damage.
Your rat bites the endoplasm.
The endoplasm dies!
You tentacle-slap the kobold but do no damage.
You grab the kobold.
You constrict the kobold, but do no damage.
The kobold barely misses you.
Your bat hits the kobold. You barely miss the kobold.
The kobold is moderately wounded.
You constrict the kobold, but do no damage.
Your bat hits the kobold. The kobold barely misses you.
Your rat bites the kobold.
The kobold dies!
An endoplasm comes into view.
You tentacle-slap the frilled lizard.
You kill the frilled lizard!
Items here: ( ) ††.
Found 14 gold pieces.
Your rat barely misses the endoplasm.
You tentacle-slap the endoplasm.
The endoplasm is lightly wounded.
Your bat hits the endoplasm but does no damage.
The endoplasm freezes you.
You are frozen.
You die...

#........#
#........ ...
+........ $..
##........ ....
......... .....
......#####.....
#............
#..†..r..#
#...).@J.#
+.....b.......
#.............
#.............
#.............
######........#####
≈≈≈≈≈≈≈≈#######
.......≈....#
######.≈≈≈≈.### #


You could see an endoplasm (ally target), a friendly bat (summoned) and a
friendly rat (summoned).

Vanquished Creatures
  A hobgoblin (D:1)
  A quokka (D:1)
  A frilled lizard (D:1)
3 creatures vanquished.

Vanquished Creatures (collateral kills)
  An endoplasm (D:1)
  A kobold (D:1)
2 creatures vanquished.

Grand Total: 5 creatures vanquished

Notes
Turn   | Place    | Note
-------+----------+-------------------------------------------
     0 | D:1      | Rennog the Octopode Summoner began the quest for the Orb.
     0 | D:1      | Reached XP level 1. HP: 11/11 MP: 3/3
    59 | D:1      | Frozen to death by an endoplasm

Illustrated notes

Levels and vault maps discovered:
D:1:      psy_arrival_radial02, layout_basic, serial_shops, shop,
          shapermc_ecumenical_altar_pompeii

Action                   || total
-------------------------++-------
Melee: Unarmed           ||     9
       Constrict         ||     3
       Tentacles         ||     1
 Cast: Summon Small Mamm ||     4
Armor: Skin              ||     1
Dodge: Dodged            ||     3

Table legend: (Time is in decaauts)
 A = Elapsed time spent in this place.
 B = Non-inter-level travel time spent in this place.
 C = Inter-level travel time spent in this place.
 D = Time resting spent in this place.
 E = Time spent auto-exploring this place.
 F = Levels seen in this place.
 G = Mean time per level.
                   A        B        C        D        E       F      G
               +--------+--------+--------+--------+--------+-----+--------+
         Total |     59 |     59 |      0 |      0 |     29 |   1 |   59.0 |
       Dungeon |     59 |     59 |      0 |      0 |     29 |   1 |   59.0 |
               +--------+--------+--------+--------+--------+-----+--------+

Top non-repeatable levels by time:
     D:1: 59 daAuts
